 Dungeon Crawl Stone Soup version 0.16.1-18-g436b03c (webtiles) character file.

35 Hogger the Bolt Thrower (level 3, -2/27 HPs)
             Began as a Mummy Wanderer on May 2, 2015.
             Slain by an adder (4 damage)
             ... on level 2 of the Dungeon.
             The game lasted 00:03:34 (1334 turns).

Hogger the Bolt Thrower (Mummy Wanderer)            Turns: 1334, Time: 00:03:34

Health: -2/27      AC:  8    Str: 18    XL:     3   Next: 17%
Magic:  3/3        EV:  9    Int: 10    God:
Gold:   35         SH:  0    Dex: 10    Spells: 0 memorised, 2 levels left

rFire  x . .     SeeInvis .     h - -3 whip (curse)
rCold  + . .     Clarity  .     a - +2 scale mail
rNeg   + + +     SustAb   .     (no shield)
rPois  ∞         Gourm    .     (no helmet)
rElec  .         Spirit   .     (no cloak)
rCorr  .         Warding  .     (no gloves)
rMut   .         Stasis   .     (no boots)
MR     .....                    (no amulet)
Stlth  ..........               (no ring)
                                (no ring)

@: not resistant to hostile enchantments, extremely unstealthy
A: no food or potions, fire vulnerability, restore body, cold resistance 1,
negative energy resistance 3, poison resistance, torment resistance, unbreathing
a: no special abilities


You were on level 2 of the Dungeon.
You were not hungry.

You visited 1 branch of the dungeon, and saw 2 of its levels.

You collected 35 gold pieces.

Inventory:

Hand weapons
 b - a +0 club
   (You took it off a goblin on level 1 of the Dungeon)
 c - a +0 hand crossbow
 h - a cursed -3 whip (weapon)
   (You took it off a kobold on level 2 of the Dungeon)
 i - a +0 flail
   (You found it on level 2 of the Dungeon)
Missiles
 d - 14 bolts
 e - 13 arrows
 f - 17 stones (quivered)
 g - 10 sling bullets
Armour
 a - a +2 scale mail (worn)


   Skills:
 - Level 2.1 Fighting
 + Level 3.0 Crossbows
 - Level 1.2 Armour
 - Level 1.2 Stealth
   Level 1.0 Shields
 - Level 1.9 Unarmed Combat


You had 2 spell levels left.
You didn't know any spells.

Dungeon Overview and Level Annotations

Branches:
Dungeon (2/15)

Altars:

Annotations:
D:2 Robin


Innate Abilities, Weirdness & Mutations

You do not eat or drink.
Your flesh is vulnerable to fire.
Your flesh is cold resistant.
You are immune to negative energy.
Your system is resistant to poisons.
You are immune to unholy pain and torment.
You can survive without breathing.


Message History

You shoot a bolt. The bolt hits the adder.
The adder bites you but does no damage. x2
Aim: an adder (lightly wounded)
You shoot a bolt. The bolt barely misses the adder.
The bolt hits the jackal but does no damage.
The adder bites you.
An adder comes into view.
You take 4 damage, and have 23/27 hp.
Aim: an adder (lightly wounded)
You shoot a bolt.
The bolt hits the adder but does no damage.
The jackal bites you but does no damage.
The adder bites you but does no damage. The jackal barely misses you.
The jackal bites you but does no damage.
The adder misses you.
The jackal bites you but does no damage.
The jackal barely misses you. The jackal closely misses you.
You see here 2 stones.
Wield which item (- for none, * to show all)? (? for menu, Esc to quit)
It sticks to your hand!
h - a cursed -3 whip (weapon)
You can't unwield your weapon to draw a new one!
You aren't carrying any spellbooks or scrolls.
Unknown command.
You aren't carrying any spellbooks or scrolls.
You barely miss the jackal. The jackal barely misses you.
The adder bites you but does no damage. The jackal closely misses you.
The jackal barely misses you.
The jackal bites you but does no damage.
The adder bites you but does no damage.
A giant mite comes into view.
The jackal closely misses you.
You closely miss the jackal. The jackal closely misses you.
You hit the jackal but do no damage. The jackal barely misses you.
The jackal barely misses you.
You completely miss the jackal.
The jackal bites you but does no damage.
You hit the jackal. The jackal closely misses you.
The giant mite bites you but does no damage.
The jackal barely misses you. The giant mite barely misses you.
You hit the jackal but do no damage.
The jackal bites you but does no damage.
The giant mite bites you.
You take 4 damage, and have 20/27 hp.
You closely miss the jackal.
The jackal bites you but does no damage. x2
The giant mite closely misses you.
You hit the jackal.
The jackal bites you but does no damage.
The giant mite closely misses you.
You barely miss the jackal.
The jackal bites you but does no damage.
The giant mite bites you.
The jackal bites you but does no damage.
You take 1 damage, and have 19/27 hp.
You hit the jackal but do no damage. The jackal barely misses you.
The giant mite bites you.
You take 1 damage, and have 18/27 hp.
You closely miss the jackal. The jackal misses you. The giant mite bites you.
The jackal bites you but does no damage.
You take 3 damage, and have 15/27 hp.
You closely miss the jackal.
The jackal bites you but does no damage.
The giant mite bites you but does no damage.
You hit the jackal but do no damage.
The jackal bites you but does no damage.
The giant mite bites you but does no damage.
The jackal bites you.
You take 1 damage, and have 14/27 hp.
You hit the jackal.
You kill the jackal!
The giant mite barely misses you. The adder bites you.
You take 1 damage, and have 13/27 hp.
You closely miss the adder. The giant mite barely misses you.
The adder bites you but does no damage.
The giant mite bites you but does no damage.
You hit the giant mite. The adder barely misses you.
The giant mite bites you but does no damage.
You completely miss the giant mite. The adder bites you but does no damage.
The giant mite barely misses you. The adder bites you but does no damage.
You barely miss the giant mite. The adder misses you.
The giant mite bites you but does no damage.
You barely miss the giant mite. The adder bites you but does no damage.
The giant mite bites you but does no damage.
The adder bites you but does no damage.
You hit the giant mite but do no damage.
The adder bites you but does no damage. The giant mite bites you.
You take 3 damage, and have 10/27 hp.
You hit the giant mite. The adder closely misses you. The giant mite bites you.
* * * LOW HITPOINT WARNING * * *
You take 3 damage, and have 7/27 hp.
You hit the giant mite but do no damage.
The adder barely misses you. The giant mite bites you.
* * * LOW HITPOINT WARNING * * *
The adder bites you but does no damage.
You take 3 damage, and have 4/27 hp.
You barely miss the giant mite. The giant mite bites you.
* * * LOW HITPOINT WARNING * * *
The adder bites you.
You die...

...######
[......s.# ##+####
#@# ..##(.(..###S#
.......((..(SS#
..##.......#.#
#.......#.......#
###..>(...####.##.#
#.....##### ..
#...(..# ..#
#....#.#####. .


You could see 3 adders and a giant mite.

Vanquished Creatures
  An ooze (D:1)
  A ball python (D:1)
  3 bats (D:1)
  2 giant cockroaches
  5 hobgoblins (D:1)
  3 jackals
  A giant newt (D:2)
  5 goblins
  4 kobolds
  7 rats
32 creatures vanquished.

Notes
Turn   | Place    | Note
--------------------------------------------------------------
     0 | D:1      | Hogger, the Mummy Wanderer, began the quest for the Orb.
     0 | D:1      | Hogger set off with: a +2 scale mail, a +0 hand crossbow, 23 bolts
     0 | D:1      | Reached XP level 1. HP: 16/16 MP: 1/1
   173 | D:1      | Reached XP level 2. HP: 22/22 MP: 2/2
   987 | D:2      | Noticed Robin
  1003 | D:1      | Reached XP level 3. HP: 27/27 MP: 3/3
  1177 | D:2      | Reached skill level 3 in Crossbows
  1333 | D:2      | HP: 4/27 [giant mite (3)]
  1334 | D:2      | Slain by an adder

Action                   || total
-------------------------++-------
Melee: Unarmed           ||    21
       Club              ||    62
       Whip              ||    23
 Fire: Hand crossbow     ||    27
  Use: Scroll            ||     2

Vault maps used:
D:1:      minmay_arrival_arboretum_small
D:2:      grunt_temple_overflow_open, minmay_statues_item, st_stairs_9,
          uniq_robin

Table legend:
 A = Turns spent in this place as a percentage of turns spent in the entire game.
 B = Non-inter-level travel turns spent in this place as a percentage of non-inter-level travel turns spent in the entire game.
 C = Inter-level travel turns spent in this place as a percentage of turns spent in this place.
 D = Turns resting spent in this place as a percentage of non-inter-level travel turns spent in this place.
 E = Turns spent auto-exploring this place as a percentage of non-inter-level travel turns spent in this place.
 F = Non-inter-level travel turns spent in this place divided by the number of levels of this place that you've seen.
                   A       B       C       D       E      F
               +-------+-------+-------+-------+-------+----------------------
         Total | 100.0 | 100.0 |   0.4 |   4.6 |   4.0 | 226.5
       Dungeon | 100.0 | 100.0 |   0.4 |   4.6 |   4.0 | 226.5
               +-------+-------+-------+-------+-------+----------------------

Table legend:
 A = Kills in this place as a percentage of kills in entire the game.
 B = Kills by you in this place as a percentage of kills by you in the entire game.
 C = Kills by friends in this place as a percentage of kills by friends in the entire game.
 D = Other kills in this place as a percentage of other kills in the entire game.
 E = Experience gained in this place as a percentage of experience gained in the entire game.
 F = Experience gained in this place divided by the number of levels of this place that you have seen.
                   A       B       C       D       E      F
               +-------+-------+-------+-------+-------+----------------------
         Total | 100.0 | 100.0 |  -nan |  -nan | 100.0 |  25.5
       Dungeon | 100.0 | 100.0 |  -nan |  -nan | 100.0 |  25.5
               +-------+-------+-------+-------+-------+----------------------
